 Dungeon Crawl Stone Soup version 0.28.0-43-g3370ac3207 (webtiles) character file.

Game seed: 15316920071065783377

870 Eitelfritz the Slasher (level 7, 0/60 HPs)
             Began as a Minotaur Gladiator on Mar 3, 2022.
             Slain by an orc
             ... wielding a +0 hand axe
              (2 damage)
             ... on level 6 of the Dungeon.
             The game lasted 00:11:37 (4253 turns).

Eitelfritz the Slasher (Minotaur Gladiator)         Turns: 4253, Time: 00:11:37

Health: 0/60       AC:  5    Str: 18    XL:     7   Next: 73%
Magic:  6/6        EV: 13    Int:  7    God:
Gold:   53         SH:  0    Dex: 12    Spells: 6/6 levels left

rFire   . . .      SeeInvis .   a - +0 long sword
rCold   . . .      Faith    .   (no shield)
rNeg    . . .      Spirit   .   w - +0 steam dragon scales
rPois   .          Reflect  .   c - +0 hat
rElec   .          Harm     .   (no cloak)
rCorr   .          Rampage  .   (no gloves)
Will    .....                   (no boots)
Stlth   ++........              (no amulet)
HPRegen 0.20/turn               (no ring)
MPRegen 0.10/turn               (no ring)

@: no status effects
A: horns 2, retaliatory headbutt
a: no special abilities


You were on level 6 of the Dungeon.
You visited 1 branch of the dungeon, and saw 6 of its levels.

You collected 178 gold pieces.
You spent 125 gold pieces at shops.

Inventory:

Hand Weapons
 a - a +0 long sword (weapon)
 b - a +0 shortbow
Missiles
 d - 3 throwing nets (quivered)
 r - 64 arrows
Armour
 c - a +0 hat (worn)
 m - a +1 leather armour of willpower
 v - a +0 chain mail
 w - +0 steam dragon scales (worn)
Jewellery
 u - a ring of wizardry
Scrolls
 f - 4 scrolls of teleportation
 i - a scroll of fog {unknown}
 k - a scroll of brand weapon {unknown}
 l - 3 scrolls of identify
 p - a scroll of vulnerability {unknown}
 q - a scroll of fear {unknown}
 y - 3 scrolls of magic mapping
Potions
 e - a potion of curing
 g - a potion of resistance
 h - a potion of lignification
 j - a potion of brilliance
 n - a potion of haste
 o - a potion of invisibility
 s - 2 potions of mutation
 t - 2 potions of might


   Skills:
 + Level 4.7 Fighting
 + Level 6.8 Long Blades
 + Level 4.5 Bows
 + Level 2.0 Throwing
 + Level 3.0 Armour
 + Level 5.0 Dodging
 + Level 1.0 Stealth


You had 6 spell levels left.
You didn't know any spells.
Your spell library was empty.

Dungeon Overview and Level Annotations

Branches:
Dungeon (7/15)
 Temple: D:4-7

Altars:
Yredelemnul

Shops:
D:4 !?


Innate Abilities, Weirdness & Mutations

You have a pair of horns on your head.
You reflexively headbutt those who attack you in melee.


Message History

The orc is heavily wounded.
The orc closely misses you.
The orc priest mumbles some strange prayers to Beogh against you.
Beogh smites you! The iguana closely misses you.
You slash the orc!
You kill the orc!
The iguana closely misses you. You furiously retaliate!
You headbutt the iguana! You barely miss the orc priest.
The orc priest hits you with a +0 club. The iguana barely misses you.
You barely miss the orc priest.
You headbutt the orc priest, but do no damage.
The orc priest closely misses you.
The iguana bites you but does no damage.
You hit the orc priest but do no damage.
You headbutt the orc priest!
The orc priest is heavily wounded.
The orc priest mumbles some strange prayers to Beogh against you.
Beogh smites you!
* * * LOW HITPOINT WARNING * * *
The iguana barely misses you.
You feel better.
The orc priest looks braver for a moment.
The iguana bites you!
* * * LOW HITPOINT WARNING * * *
You closely miss the orc priest.
The orc priest is heavily wounded.
The orc priest hits you but does no damage.
The iguana misses you. You furiously retaliate!
You headbutt the iguana. You hit the orc priest.
Your headbutt misses the orc priest.
The orc priest is severely wounded.
The orc priest hits you with a +0 club.
* * * LOW HITPOINT WARNING * * *
The iguana barely misses you.
You slash the orc priest!
You kill the orc priest!
The iguana barely misses you.
Your Armour skill increases to level 3!
You barely miss the orc. The orc hits you with a +0 hand axe.
You die...

#....#..#
#.##.#..#
#.##.#..#
#.##.#.[.
#.##.#.#l#
#.##.#.#..
#.........O
#l##.#...
#@# # #o#
#(# ... ...
<.(.. ##.#.
#.#.#


You could see an iguana and an orc.

Vanquished Creatures
  A steam dragon (D:7)
  A black bear (D:4)
  A necrophage (D:4)
  2 centaurs
  An orc priest (D:6)
  2 iguanas (D:4)
  Natasha (twice) (D:3)
  2 orc wizards (D:4)
  3 gnolls (D:3)
  7 adders
  4 dart slugs
  10 orcs
  5 bats
  7 endoplasms
  14 giant cockroaches
  8 goblins
  13 hobgoblins
  2 jackals (D:2)
  12 kobolds
  8 quokkas
  6 ball pythons
  3 frilled lizards
  4 rats
  A bush (D:2)
119 creatures vanquished.

Vanquished Creatures (others)
  An orc wizard (D:6)
  A frilled lizard (D:1)
  3 plants (D:2)
5 creatures vanquished.

Grand Total: 124 creatures vanquished

Notes
Turn   | Place    | Note
-------+----------+-------------------------------------------
     0 | D:1      | Eitelfritz the Minotaur Gladiator began the quest for the
                  | Orb.
     0 | D:1      | Reached XP level 1. HP: 18/18 MP: 0/0
   279 | D:1      | Reached XP level 2. HP: 25/25 MP: 1/1
   307 | D:1      | Reached skill level 4 in Long Blades
   403 | D:1      | Reached XP level 3. HP: 12/30 MP: 2/2
  1229 | D:2      | Reached XP level 4. HP: 29/38 MP: 3/3
  1340 | D:2      | Reached skill level 1 in Armour
  1453 | D:2      | Found a basalt altar of Yredelemnul.
  2098 | D:3      | Noticed a centaur
  2110 | D:3      | Killed a centaur
  2111 | D:3      | Reached skill level 5 in Long Blades
  2111 | D:3      | Reached XP level 5. HP: 27/45 MP: 4/4
  2468 | D:3      | Noticed Natasha
  2474 | D:3      | Killed Natasha
  2594 | D:3      | Noticed Natasha
  2604 | D:3      | Killed Natasha
  2802 | D:3      | Reached XP level 6. HP: 52/52 MP: 5/5
  2836 | D:3      | Reached skill level 1 in Bows
  2868 | D:3      | Reached skill level 6 in Long Blades
  3378 | D:4      | Reached XP level 7. HP: 54/59 MP: 6/6
  3814 | D:4      | Found Urchuedgh's Magic Scroll Emporium.
  3863 | D:4      | Bought a scroll of identify for 20 gold pieces
  3863 | D:4      | Bought a scroll of identify for 20 gold pieces
  3863 | D:4      | Bought a scroll of identify for 20 gold pieces
  3863 | D:4      | Bought a scroll of teleportation for 30 gold pieces
  3863 | D:4      | Bought a scroll of magic mapping for 35 gold pieces
  3909 | D:4      | Found Sorryd's Distillery.
  3946 | D:4      | You fall into a shaft and drop 3 floors!
  3992 | D:7      | Noticed a steam dragon
  4008 | D:7      | Killed a steam dragon
  4009 | D:7      | Reached skill level 5 in Dodging
  4009 | D:7      | Reached skill level 1 in Stealth
  4225 | D:6      | Noticed a two-headed ogre
  4251 | D:6      | HP: 1/60 [orc priest/+0 club (5)]
  4253 | D:6      | Slain by an orc

Illustrated notes

Levels and vault maps discovered:
D:1:      dpeg_arrival_windows_large_door, layout_loops_ring,
          minmay_statues_item, minmay_ruptured
D:2:      minmay_roachtagon, layout_loops_ring, basic_altar, glass_columns_c,
          lexackson_kobold_supper
D:3:      layout_basic, hangedman_feature_mirror, uniq_natasha
D:4:      layout_basic, serial_shops, shop, nicolae_inconvenience_store,
          solitary_fountain
D:6:      layout_basic, grunt_gozag_statues, minmay_temple_entry_statues,
          gup_sewer_entry_bowl, uniq_maggie, uniq_edmund
D:7:      layout_loops_ring, uniq_pikel

Skill      XL: |  1  2  3  4  5  6  7 |
---------------+----------------------+-----
Long Blades    | 4 5 6 |  6.8
Dodging        | 4 5 |  5.0
Fighting       | 3 4 |  4.7
Armour         | 1 2 3 |  3.0
Bows           | 3 4 |  4.5
Stealth        | 1 |  1.0
Throwing       | |  2.0

Action                   |  1- 3 |  4- 6 |  7- 9 || total
-------------------------+-------+-------+-------++-------
Melee: Long sword        |    82 |   151 |    33 ||   266
       Headbutt          |    10 |    28 |     9 ||    47
       Punch             |     1 |     4 |     1 ||     6
 Fire: Shortbow          |       |    56 |    34 ||    90
  Use: Scroll            |       |       |     8 ||     8
       Potion            |       |       |     3 ||     3
 Stab: Sleeping          |     2 |       |       ||     2
Armor: Leather armour    |    21 |    33 |    10 ||    64
       Steam dragon scal |       |       |     2 ||     2
Dodge: Dodged            |    70 |    64 |    31 ||   165
